 Dungeon Crawl Stone Soup version 0.18.1-50-g88ac8fd (webtiles) character file.

554 magog001 the Covered (level 7, -2/91 HPs)
             Began as a Minotaur Fighter on Sept 15, 2018.
             Was an Initiate of Nemelex Xobeh.
             Slain by a scorpion (4 damage)
             ... on level 5 of the Dungeon.
             The game lasted 00:20:01 (4101 turns).

magog001 the Covered (Minotaur Fighter)             Turns: 4101, Time: 00:20:02

Health: -2/91      AC: 23    Str: 22 (23) XL:     7   Next: 8%
Magic:  6/6        EV:  2    Int:  3 (5)  God:    Nemelex Xobeh [......]
Gold:   207        SH: 10    Dex:  6 (9)  Spells: 0 memorised, 6 levels left

rFire  . . .     SeeInvis .     a - +3 war axe
rCold  . . .     Gourm    .     (armour currently unavailable)
rNeg   + + +     Faith    .     c - +0 shield
rPois  +         Spirit   .     (helmet currently unavailable)
rElec  .         Dismiss  .     (cloak currently unavailable)
rCorr  .         Reflect  .     (gloves currently unavailable)
SustAt .         Harm     .     (boots currently unavailable)
MR     .....     NoTele   +     q - amulet of inaccuracy (curse)
Stlth  +.........               (no ring)
                                (no ring)

@: lethally poisoned (-2 -> -10), tree-form, very slightly contaminated, not
resistant to hostile enchantments, very unstealthy
A: (retaliatory headbutt), (horns 0)
a: Renounce Religion


You were on level 5 of the Dungeon.
You worshipped Nemelex Xobeh.
Nemelex Xobeh was noncommittal.
You were not hungry.
You were a tree.
You visited 2 branches of the dungeon, and saw 6 of its levels.

You collected 207 gold pieces.

Inventory:

Hand Weapons
 a - a +3 war axe (weapon)
 j - a +0 hunting sling
Missiles
 i - 3 tomahawks
 t - 2 steel javelins (quivered)
 u - 60 sling bullets
Armour
 b - a +0 scale mail (melded)
 c - a +0 shield (worn)
Jewellery
 q - a cursed amulet of inaccuracy (around neck)
 v - a cursed -3 ring of dexterity {unknown}
Scrolls
 g - a scroll of fog
 w - a scroll of identify {unknown}
 x - a scroll of blinking
Potions
 d - a potion of might
 h - a potion of haste
 n - 2 potions of magic
 p - a potion of agility
Comestibles
 f - 2 bread rations
 k - 2 fruits


   Skills:
 * Level 5.2 Fighting
 * Level 4.2 Axes
 * Level 6.4 Armour
 * Level 6.3 Shields


You had 6 spell levels left.
You didn't know any spells.

Dungeon Overview and Level Annotations

Branches:
Dungeon (5/15)             Temple (1/1) D:4

Altars:
Ashenzari
Elyvilon
Fedhas
Gozag
Makhleb
Nemelex Xobeh
Qazlal
Ru
Trog
Yredelemnul
The Shining One


Innate Abilities, Weirdness & Mutations

((You reflexively headbutt those who attack you in melee.))
((You have a pair of horns on your head.))


Message History

* * * LOW HITPOINT WARNING * * *
You feel sick.
The scorpion stings you but does no damage.
You miss the scorpion.
The scorpion is severely wounded.
* * * LOW HITPOINT WARNING * * *
You feel sick. You block the scorpion's attack.
Your shield prevents you from hitting the scorpion.
The scorpion is severely wounded.
* * * LOW HITPOINT WARNING * * *
You feel sick.
The scorpion stings you but does no damage.
The scorpion stings you.
* * * LOW HITPOINT WARNING * * *
You hit the scorpion.
The scorpion is almost dead.
* * * LOW HITPOINT WARNING * * *
You feel sick. The scorpion stings you.
You die...
Your body disappears without a glow.

# #.###.#
##.....###.#
#.....#
##...## #.#
#######
#.....# #.#
#.....# #.#
#.....# #.#
#.....###.#
#.........#
##..#######
#♣.# #s>#
#..# #..#
...# ##.#
#.# ##


You could see a scorpion.

Vanquished Creatures
  2 ogres (D:5)
  2 scorpions
  2 hounds
  2 orc priests (D:4)
  A worker ant (D:5)
  6 adders
  An adder zombie (D:4)
  2 worms
  A dart slug (D:2)
  2 giant geckos
  10 orcs
  2 ball pythons
  A giant cockroach (D:1)
  8 goblins
  7 hobgoblins
  3 jackals (D:2)
  5 kobolds
  A quokka (D:3)
  4 bats
  A giant gecko zombie (D:5)
  3 giant newts
  A jackal skeleton (D:4)
  20 rats
87 creatures vanquished.

Notes
Turn   | Place    | Note
--------------------------------------------------------------
     0 | D:1      | magog001 the Minotaur Fighter began the quest for the Orb.
     0 | D:1      | Reached XP level 1. HP: 19/19 MP: 0/0
    26 | D:1      | Reached XP level 2. HP: 19/27 MP: 1/1
   744 | D:2      | Reached XP level 3. HP: 33/33 MP: 2/2
  1825 | D:3      | Found a blossoming altar of Fedhas.
  2200 | D:3      | Found a shattered altar of Ashenzari.
  2209 | D:3      | Reached XP level 4. HP: 41/41 MP: 3/3
  2591 | D:4      | Reached skill level 5 in Shields
  2592 | D:4      | Reached XP level 5. HP: 20/47 MP: 4/4
  2827 | D:4      | Reached skill level 5 in Armour
  3474 | D:4      | Found a burning altar of Makhleb.
  3585 | D:4      | Found a staircase to the Ecumenical Temple.
  3592 | Temple   | Entered the Ecumenical Temple
  3676 | Temple   | Became a worshipper of Nemelex Xobeh the Trickster
  3722 | D:4      | Reached XP level 6. HP: 55/55 MP: 5/5
  3944 | D:5      | Entered Level 5 of the Dungeon
  3955 | D:5      | Reached skill level 5 in Fighting
  4047 | D:5      | Reached XP level 7. HP: 21/61 MP: 6/6
  4100 | D:5      | HP: 3/91 [scorpion (2)]
  4101 | D:5      | Slain by a scorpion

Skill      XL: |  1  2  3  4  5  6 |
---------------+-------------------+-----
Armour         | 4 5 6 |  6.4
Fighting       | 4 5 |  5.2
Shields        | 4 5 6 |  6.3
Axes           | 3 4 |  4.2

Action                   |  1- 3 |  4- 6 |  7- 9 || total
-------------------------+-------+-------+-------++-------
Melee: War axe           |   143 |   126 |    14 ||   283
       Headbutt          |    16 |    19 |       ||    35
  Use: Scroll            |     8 |     2 |       ||    10
       Potion            |       |     1 |    10 ||    11
  Eat: Chunk             |     3 |     3 |       ||     6
       Beef jerky        |     1 |       |       ||     1
       Meat ration       |       |     1 |       ||     1
Armor: Scale mail        |    68 |    61 |       ||   129
       Skin              |       |       |     4 ||     4
Dodge: Dodged            |    48 |    42 |     1 ||    91
Block: Shield            |    85 |    73 |     7 ||   165
